[Event "Titled Tuesday Blitz July 25 Early 2023"]
[White "Novikov, Evgenij"]
[Black "Schut, Han"]
[WhiteFideId "4125380"]
[BlackFideId "1005561"]
[WhiteElo "2440"]
[BlackElo "2307"]
[Result "1-0"]
[Round "6"]
[TimeControl "180+2"]
[Date "2023.07.25"]
[WhiteClock "0:00:10"]
[BlackClock "0:00:00"]
[Board "163"]

1. e4 c5 2. Nc3 Nc6 3. Nf3 g6 4. h4 Bg7 5. h5 e6 6. d3 d5 7. h6 Bxc3+ 8. bxc3 dxe4 9. Ng5 Nf6 10. c4 e5 11. Bb2 exd3 12. Bxd3 Bf5 13. O-O Ng4 14. Nf3 Nd4 15. Bxd4 cxd4 16. Re1 f6 17. Bxf5 gxf5 18. Nxd4 Kf7 19. Nxf5 Qxd1 20. Raxd1 Kg6 21. Ne7+ Kxh6 22. f3 Rae8 23. Nf5+ Kg5 24. fxg4 Kxg4 25. Nh6+ Kh5 26. Nf7 Rhf8 27. Nd6 Re7 28. Rd3 f5 29. Kf2 Kg6 30. Rh1 f4 31. Ne4 Re6 32. Rdh3 Kf5 33. Kf3 Rc6 34. Rh5+ 1-0


[Site "https://www.chess.com"]

[Event "Titled Tuesday Blitz July 25 Early 2023"]
[White "Reprintsev, Alexander"]
[Black "Huynh, Lam Binh Nguyen"]
[WhiteFideId "14100541"]
[BlackFideId "12401633"]
[WhiteElo "2438"]
[BlackElo "2307"]
[Result "0-1"]
[Round "6"]
[TimeControl "180+2"]
[Date "2023.07.25"]
[WhiteClock "0:00:20"]
[BlackClock "0:00:48"]
[Board "164"]

1. e4 e6 2. d4 d5 3. Nc3 Bb4 4. Ne2 dxe4 5. a3 Bxc3+ 6. Nxc3 Nf6 7. Bg5 h6 8. Bxf6 Qxf6 9. Nxe4 Qg6 10. Qd3 Bd7 11. O-O-O Bc6 12. f3 O-O 13. Qe3 Nd7 14. Bd3 Qh5 15. h4 b5 16. g4 Qd5 17. Nc3 Qxf3 18. Qd2 b4 19. axb4 Rab8 20. b5 Ba8 21. Rhg1 Nb6 22. Rdf1 Qh3 23. g5 h5 24. g6 f6 25. Rh1 Bxh1 26. Qe1 Ba8 27. Be4 Nc4 28. Rf3 Qg4 29. b3 Nd6 30. Bxa8 Rxa8 31. Re3 Nf5 32. Rxe6 Qxd4 33. Rc6 Rfe8 34. Qf1 Nxh4 35. Rc4 Qe3+ 36. Kb2 Nxg6 37. Rxc7 Re7 38. Rc6 h4 39. Ka2 Qd2 40. Nd5 Qxd5 0-1


[Site "https://www.chess.com"]

[Event "Titled Tuesday Blitz July 25 Early 2023"]
[White "Yashmetov, Mikhail"]
[Black "Miszler, Levente"]
[WhiteFideId "24198900"]
[BlackFideId "763276"]
[WhiteElo "2435"]
[BlackElo "2415"]
[Result "0-1"]
[Round "6"]
[TimeControl "180+2"]
[Date "2023.07.25"]
[WhiteClock "0:00:02"]
[BlackClock "0:00:13"]
[Board "165"]

1. d4 Nf6 2. c4 c5 3. d5 e6 4. Nc3 exd5 5. cxd5 d6 6. Nf3 g6 7. g3 a6 8. a4 Bg7 9. Bg2 O-O 10. O-O Re8 11. Nd2 Nbd7 12. h3 b6 13. Nc4 Qc7 14. Bf4 Bf8 15. Qc2 Rb8 16. Na3 Ne5 17. Bg5 Bg7 18. f4 Ned7 19. e4 h6 20. Bh4 Bb7 21. Rae1 Nh7 22. Qd2 c4 23. g4 Nc5 24. Nxc4 Nxe4 25. Qd3 Nxc3 26. bxc3 b5 27. axb5 axb5 28. Na3 Qxc3 29. Rxe8+ Rxe8 30. Qxc3 Bxc3 31. Nxb5 Bb4 32. Rb1 Bc5+ 33. Bf2 Rd8 34. Rc1 Bxf2+ 35. Kxf2 Nf6 36. Rd1 Ba6 37. Nd4 Re8 38. Ra1 Bc4 39. Ra5 Ne4+ 40. Kf3 Nd2+ 41. Kf2 Ne4+ 42. Kf3 Nc3 43. Kf2 Rb8 44. Nc6 Rb2+ 45. Kg3 Ne2+ 46. Kf3 Nxf4 47. Kxf4 Rxg2 48. h4 Kg7 49. g5 hxg5+ 50. hxg5 Rf2+ 51. Kg4 Rf5 52. Ne7 Re5 53. Nc8 Bxd5 54. Ra6 Be6+ 55. Kf4 Bxc8 56. Rxd6 Rf5+ 57. Ke4 Rxg5 58. Rc6 Be6 59. Rd6 Rg4+ 60. Kf3 Ra4 61. Kg3 g5 62. Rb6 Kg6 63. Rb5 Ra3+ 64. Kg2 g4 65. Kf2 f5 66. Kg2 f4 67. Rc5 Ra2+ 68. Kg1 g3 69. Re5 Bh3 70. Re1 f3 71. Rb1 f2+ 72. Kh1 g2+ 73. Kh2 g1=Q+ 74. Kxh3 Qxb1 0-1


[Site "https://www.chess.com"]

[Event "Titled Tuesday Blitz July 25 Early 2023"]
[White "Bendayan Claros, Aaron"]
[Black "Zaksaite, Salomeja"]
[WhiteFideId "3803392"]
[BlackFideId "12801496"]
[WhiteElo "2434"]
[BlackElo "2292"]
[Result "1-0"]
[Round "6"]
[TimeControl "180+2"]
[Date "2023.07.25"]
[WhiteClock "0:00:08"]
[BlackClock "0:00:00"]
[Board "166"]

1. d4 Nf6 2. Nf3 g6 3. Nbd2 d5 4. e3 Bg7 5. b4 a5 6. b5 c6 7. c4 O-O 8. Bb2 dxc4 9. Bxc4 cxb5 10. Bxb5 Na6 11. O-O Bd7 12. Qa4 Nc7 13. Bxd7 Qxd7 14. Qxd7 Nxd7 15. Rfc1 Rfc8 16. Nc4 b5 17. Ncd2 Nd5 18. Kf1 Nb4 19. Ke2 e6 20. a3 Nd5 21. g3 N7b6 22. Rab1 f6 23. e4 Ne7 24. Kd3 b4 25. Ba1 Rxc1 26. Rxc1 bxa3 27. Rc3 Bf8 28. Rxa3 Nc6 29. Rb3 Nb4+ 30. Ke2 a4 31. Rb1 Kf7 32. Ne1 Ke8 33. Nd3 Nxd3 34. Kxd3 Ra6 35. Rb5 Kd7 36. d5 exd5 37. exd5 a3 38. Bxf6 a2 39. Ba1 Bd6 40. f4 Ra3+ 41. Ke4 Na4 42. Ra5 Nc5+ 43. Rxc5 Bxc5 44. Nc4 Ra4 45. Kd3 Bd6 46. h4 Kc7 47. Kc3 Ra8 48. Kb3 Bf8 49. Be5+ Kb7 50. Ba1 1-0


[Site "https://www.chess.com"]

[Event "Titled Tuesday Blitz July 25 Early 2023"]
[White "Zheenbekov, Nurgazy"]
[Black "Chemin, Justo Reinaldo"]
[WhiteFideId "13800485"]
[BlackFideId "2101580"]
[WhiteElo "2432"]
[BlackElo "2273"]
[Result "1-0"]
[Round "6"]
[TimeControl "180+2"]
[Date "2023.07.25"]
[WhiteClock "0:00:22"]
[BlackClock "0:00:04"]
[Board "167"]

1. Nf3 d5 2. g3 c5 3. Bg2 Nc6 4. O-O e5 5. d3 f6 6. Nbd2 Bd6 7. c4 d4 8. a3 Nge7 9. Rb1 a5 10. e3 O-O 11. exd4 Nxd4 12. Nxd4 cxd4 13. Ne4 Nc6 14. b4 axb4 15. c5 Bc7 16. axb4 Ne7 17. b5 h6 18. Qb3+ Kh8 19. Ba3 f5 20. Nd6 Bxd6 21. cxd6 Ng6 22. d7 Qxd7 23. Bxf8 Nxf8 24. Ra1 Rb8 25. Qb4 Ne6 26. Rfc1 Ng5 27. Qf8+ Kh7 28. b6 Qf7 29. Qxf7 Nxf7 30. Rc7 Nd6 31. Bd5 e4 32. Rd1 Nb5 33. dxe4 Nc3 34. Ra1 fxe4 35. Bb3 Bg4 36. h3 Bf3 37. Ra7 Ne2+ 38. Kf1 d3 39. Raxb7 Rxb7 40. Rxb7 Nd4 41. Ba4 e3 42. Rd7 e2+ 43. Ke1 Be4 44. Rxd4 Bf5 45. b7 1-0


[Site "https://www.chess.com"]

[Event "Titled Tuesday Blitz July 25 Early 2023"]
[White "Romero Arzuaga, Yudel"]
[Black "Begunov, Konstantin"]
[WhiteFideId "3521010"]
[BlackFideId "4118510"]
[WhiteElo "2296"]
[BlackElo "2429"]
[Result "1-0"]
[Round "6"]
[TimeControl "180+2"]
[Date "2023.07.25"]
[WhiteClock "0:00:31"]
[BlackClock "0:00:00"]
[Board "168"]

1. d4 d5 2. Nf3 c6 3. Bf4 Bg4 4. e3 Qb6 5. Nbd2 Nd7 6. Bd3 e6 7. h3 Bh5 8. O-O Ngf6 9. c4 c5 10. dxc5 Nxc5 11. Be2 Be7 12. b4 Qxb4 13. Rb1 Qa3 14. Nb3 b6 15. Nfd4 Bxe2 16. Qxe2 O-O 17. Nc6 Nce4 18. Rfc1 Rfc8 19. cxd5 Nxd5 20. Qf3 Nec3 21. Nxe7+ Qxe7 22. Ra1 Qf6 23. Kh1 Rc4 24. g3 Rac8 25. Nd2 R4c6 26. Kg2 g5 27. Qg4 h6 28. h4 Nxf4+ 29. exf4 Rc5 30. Nf3 Ne4 31. fxg5 hxg5 32. Rxc5 Rxc5 33. Re1 Nd6 34. hxg5 Qf5 35. Qh5 Rc3 36. Rh1 1-0


[Site "https://www.chess.com"]

[Event "Titled Tuesday Blitz July 25 Early 2023"]
[White "Araujo Filho, Luiz Antonio Coel"]
[Black "JonSnowNW1"]
[WhiteFideId "2130661"]
[WhiteElo "2282"]
[BlackElo "2423"]
[Result "1-0"]
[Round "6"]
[TimeControl "180+2"]
[Date "2023.07.25"]
[WhiteClock "0:01:56"]
[BlackClock "0:01:59"]
[Board "169"]

1. d4 d5 2. Nf3 c6 3. e3 Nf6 4. Nbd2 e6 5. Bd3 Nbd7 6. Qe2 Be7 7. O-O O-O 8. c3 b6 9. e4 dxe4 10. Nxe4 Bb7 11. Neg5 c5 12. Bd2 cxd4 13. cxd4 h6 14. Nxe6 fxe6 15. Qxe6+ Kh8 16. Nh4 Nc5 17. Ng6+ Kh7 18. Nxf8+ Kh8 19. Ng6+ Kh7 20. Nxe7+ Nxd3 21. Qf5+ Kh8 22. Ng6+ Kg8 23. Qxd3 Qd5 24. Nf4 Qg5 25. Qg6 Qh4 26. g3 Qg4 27. Qxg4 Nxg4 28. Rac1 Rd8 29. Be3 1-0


[Site "https://www.chess.com"]

[Event "Titled Tuesday Blitz July 25 Early 2023"]
[White "Torres Hernandez, Leslie Carolin"]
[Black "Carrasco Miranda, Andres"]
[WhiteFideId "8400504"]
[BlackFideId "3405990"]
[WhiteElo "2264"]
[BlackElo "2423"]
[Result "1-0"]
[Round "6"]
[TimeControl "180+2"]
[Date "2023.07.25"]
[WhiteClock "0:01:06"]
[BlackClock "0:00:03"]
[Board "170"]

1. e4 e5 2. Nf3 Nc6 3. Bb5 Nf6 4. O-O Nxe4 5. Re1 Nd6 6. Nxe5 Be7 7. Bf1 Nxe5 8. Rxe5 O-O 9. d4 Bf6 10. Re1 Nf5 11. c3 Re8 12. Bf4 Rxe1 13. Qxe1 c6 14. Bd3 d5 15. Nd2 g6 16. Nf3 Nd6 17. Ne5 Bf5 18. Qd2 Bxd3 19. Qxd3 Bg5 20. Bg3 Ne4 21. Re1 h5 22. Qf3 Qf6 23. Nd7 Qxf3 24. gxf3 Nxg3 25. fxg3 Rd8 26. f4 Bh6 27. Re7 Kg7 28. Ne5 Rf8 29. Rxb7 g5 30. f5 g4 31. Nxc6 Bc1 32. Ne5 Kf6 33. Nd7+ 1-0


[Site "https://www.chess.com"]

[Event "Titled Tuesday Blitz July 25 Early 2023"]
[White "Rietze, Clemens, Dr."]
[Black "Gardezi, Arsal"]
[WhiteFideId "24620351"]
[BlackFideId "30949521"]
[WhiteElo "2423"]
[BlackElo "2256"]
[Result "1-0"]
[Round "6"]
[TimeControl "180+2"]
[Date "2023.07.25"]
[WhiteClock "0:00:04"]
[BlackClock "0:00:29"]
[Board "171"]

1. d4 Nf6 2. c4 e6 3. Nf3 d5 4. Nc3 c5 5. cxd5 exd5 6. g3 Nc6 7. Bg2 Be7 8. O-O O-O 9. Bg5 Be6 10. e3 c4 11. Ne5 h6 12. Bxf6 Bxf6 13. f4 Ne7 14. a4 Qb6 15. Qd2 Nc6 16. Bxd5 Nxe5 17. fxe5 Be7 18. a5 Qb4 19. Ra4 Qb3 20. Bf3 Bb4 21. Bd1 Bxc3 22. bxc3 Qb5 23. a6 bxa6 24. Rb4 Qd5 25. Be2 Bh3 26. Rf2 Rab8 27. Bxc4 Qe4 28. Rxf7 Rxb4 29. Rxf8+ Kxf8 30. cxb4 Qb1+ 31. Kf2 Qh1 32. e4 Qxh2+ 33. Ke1 Qg1+ 34. Ke2 Bf1+ 35. Kf3 Bxc4 36. d5 Qf1+ 37. Ke3 Qh3 38. Kd4 Bb5 39. Qf4+ Kg8 40. e6 Qh1 41. Kc5 Qg1+ 42. Kd6 Qb6+ 43. Ke7 Qb7+ 44. Kd8 Kh8 45. Qd6 Qa8+ 46. Kc7 Qe8 47. Qd8 g5 48. Qxe8+ Bxe8 49. d6 h5 50. d7 Bxd7 51. exd7 1-0


[Site "https://www.chess.com"]

[Event "Titled Tuesday Blitz July 25 Early 2023"]
[White "Balla, Tamas-Kristof"]
[Black "Kiseleva, Arina"]
[WhiteFideId "1208497"]
[BlackFideId "4164989"]
[WhiteElo "2418"]
[BlackElo "2221"]
[Result "1-0"]
[Round "6"]
[TimeControl "180+2"]
[Date "2023.07.25"]
[WhiteClock "0:00:04"]
[BlackClock "0:00:00"]
[Board "172"]

1. e4 c6 2. d4 d5 3. exd5 cxd5 4. c4 Nf6 5. Nc3 e6 6. Nf3 Bb4 7. Bd3 O-O 8. O-O dxc4 9. Bxc4 b6 10. Bg5 h6 11. Bh4 Bb7 12. Qe2 Nbd7 13. Rac1 Be7 14. Bd3 Rc8 15. Bb1 Nd5 16. Nxd5 Bxh4 17. Rxc8 Qxc8 18. Qe4 g6 19. Qxh4 Bxd5 20. Qxh6 Bxf3 21. gxf3 Nf6 22. Kh1 Qc6 23. Qe3 Kg7 24. Rg1 Rh8 25. Qf4 Rh3 26. Rg3 Rh6 27. Kg2 Nh5 28. Qe5+ f6 29. Qe2 Nxg3 30. fxg3 Rh8 31. Qd3 f5 32. Qe3 Qd6 33. Bd3 Rd8 34. Bc4 Kf7 35. Bb3 a6 36. Qh6 Qxd4 37. Qh7+ Qg7 38. Qh4 Ke8 39. Qa4+ b5 40. Qxa6 Qd7 41. Qb6 Qd2+ 42. Kh3 Qh6+ 43. Kg2 Rd2+ 44. Kf1 Qh3+ 45. Ke1 1-0


[Site "https://www.chess.com"]

[Event "Titled Tuesday Blitz July 25 Early 2023"]
[White "Sankalan Shah"]
[Black "Zacurdajev, Dmitry"]
[WhiteFideId "25600362"]
[BlackFideId "4196309"]
[WhiteElo "2211"]
[BlackElo "2416"]
[Result "0-1"]
[Round "6"]
[TimeControl "180+2"]
[Date "2023.07.25"]
[WhiteClock "0:01:03"]
[BlackClock "0:02:25"]
[Board "173"]

1. d4 d5 2. c4 e6 3. Nf3 Nf6 4. Nc3 Be7 5. Bf4 O-O 6. e3 Nbd7 7. c5 Nh5 8. Bd3 Nxf4 9. exf4 b6 10. b4 a5 11. a3 c6 12. O-O Qc7 13. g3 Ba6 14. Ne5 Bxd3 15. Nxd3 Bf6 16. Ne5 Rfb8 17. b5 Bxe5 18. fxe5 bxc5 19. dxc5 cxb5 20. Qe2 Qxe5 0-1


[Site "https://www.chess.com"]

[Event "Titled Tuesday Blitz July 25 Early 2023"]
[White "Alvarado Diaz, Alejandro"]
[Black "Johnson, Ben"]
[WhiteFideId "2276119"]
[BlackFideId "2010917"]
[WhiteElo "2415"]
[BlackElo "2137"]
[Result "1-0"]
[Round "6"]
[TimeControl "180+2"]
[Date "2023.07.25"]
[WhiteClock "0:01:29"]
[BlackClock "0:00:32"]
[Board "174"]

1. d4 Nf6 2. Bg5 d5 3. e3 c5 4. Bxf6 exf6 5. Nc3 Be6 6. Nf3 Nc6 7. Bb5 a6 8. Bxc6+ bxc6 9. dxc5 Bxc5 10. O-O O-O 11. Nd4 Bd7 12. Na4 Bd6 13. Nb3 Qc7 14. h3 c5 15. Nc3 d4 16. exd4 c4 17. Nd2 Rab8 18. Rb1 f5 19. Qe2 Rfe8 20. Qxc4 Qa7 21. Qd5 Bf4 22. Nb3 Be6 23. Qc5 Qa8 24. d5 Rec8 25. Qd4 Rxc3 26. bxc3 1-0


[Site "https://www.chess.com"]

[Event "Titled Tuesday Blitz July 25 Early 2023"]
[White "rionelG"]
[Black "Goryachkina, Aleksandra"]
[BlackFideId "4147103"]
[WhiteElo "2300"]
[BlackElo "2617"]
[Result "1/2-1/2"]
[Round "6"]
[TimeControl "180+2"]
[Date "2023.07.25"]
[WhiteClock "0:00:13"]
[BlackClock "0:00:12"]
[Board "175"]

1. e4 e6 2. d3 d5 3. Nd2 Nf6 4. g3 c5 5. Bg2 Nc6 6. Ngf3 g6 7. O-O Bg7 8. Re1 O-O 9. c3 b6 10. Nf1 Ba6 11. e5 Nd7 12. Bf4 b5 13. b3 Rc8 14. h4 c4 15. bxc4 dxc4 16. d4 b4 17. cxb4 Qb6 18. Rb1 c3 19. b5 c2 20. Qxc2 Nxd4 21. Qe4 Nxf3+ 22. Qxf3 Bxb5 23. a4 Bc6 24. Rxb6 Bxf3 25. Ra6 Bxg2 26. Kxg2 Rc7 27. Ne3 Rfc8 28. Ng4 h5 29. Nf6+ Kf8 30. Rd1 Nc5 31. Ra5 a6 32. Be3 Bxf6 33. exf6 Ne4 34. Rxa6 Nxf6 35. Ra7 Nd5 36. Rxc7 Rxc7 37. Bd4 Rc4 38. a5 Ra4 39. Bb6 Nxb6 40. axb6 Rb4 41. Rd6 Ke7 42. Rc6 Rb3 43. Kf1 Rb2 44. Kg2 Rb3 45. Kf1 Rb2 46. Kg2 Rb3 1/2-1/2


[Site "https://www.chess.com"]

[Event "Titled Tuesday Blitz July 25 Early 2023"]
[White "ivana_999"]
[Black "Altman, Joshua"]
[BlackFideId "426210"]
[WhiteElo "2065"]
[BlackElo "2529"]
[Result "0-1"]
[Round "6"]
[TimeControl "180+2"]
[Date "2023.07.25"]
[WhiteClock "0:01:08"]
[BlackClock "0:00:20"]
[Board "176"]

1. d4 c5 2. d5 Nf6 3. c4 e6 4. Nc3 exd5 5. cxd5 d6 6. e4 g6 7. f4 Qe7 8. Bd3 Bg7 9. Bb5+ Bd7 10. Bxd7+ Nbxd7 11. Qe2 O-O 12. Nf3 b5 13. e5 dxe5 14. fxe5 Ng4 15. Nxb5 Ngxe5 16. Nxe5 Qxe5 17. Qxe5 Nxe5 18. O-O Rfd8 19. Nc3 Nd3 20. Rd1 Bd4+ 21. Kf1 Nxc1 22. Raxc1 Rab8 23. Rc2 Rd6 24. b3 Kg7 25. Ne2 Rf6+ 26. Ke1 Re8 27. Rd3 Rf5 28. Kd1 Rf1+ 29. Kd2 Rf2 30. Rg3 Rexe2+ 31. Kd3 Rxc2 0-1


[Site "https://www.chess.com"]

[Event "Titled Tuesday Blitz July 25 Early 2023"]
[White "Iljin, Timofey"]
[Black "Tikhonov, Viacheslav"]
[WhiteFideId "14110180"]
[BlackFideId "44196407"]
[WhiteElo "2381"]
[BlackElo "2480"]
[Result "1-0"]
[Round "6"]
[TimeControl "180+2"]
[Date "2023.07.25"]
[WhiteClock "0:00:48"]
[BlackClock "0:01:08"]
[Board "177"]

1. e4 c5 2. c3 Nf6 3. e5 Nd5 4. d4 cxd4 5. cxd4 d6 6. Nf3 Nc6 7. Bc4 e6 8. O-O dxe5 9. dxe5 Be7 10. Qe2 O-O 11. Rd1 Bd7 12. Nc3 Nxc3 13. bxc3 Qc7 14. Bd3 Rfd8 15. Bg5 Be8 16. Bxe7 Qxe7 17. h4 Rd5 18. Bxh7+ Kxh7 19. Ng5+ Kg6 20. Qe4+ f5 21. exf6+ Kxf6 22. Rxd5 exd5 23. Qf4+ Kg6 24. h5+ Kxh5 25. g4+ Kg6 26. Qf5+ Kh6 27. Kg2 Bh5 28. Qh7+ Kxg5 29. Qf5+ Kh4 30. Qxh5# 1-0


[Site "https://www.chess.com"]

[Event "Titled Tuesday Blitz July 25 Early 2023"]
[White "Korelskiy, Egor"]
[Black "Alahakoon, Isuru"]
[WhiteFideId "34329064"]
[BlackFideId "9900993"]
[WhiteElo "2474"]
[BlackElo "2345"]
[Result "1-0"]
[Round "6"]
[TimeControl "180+2"]
[Date "2023.07.25"]
[WhiteClock "0:00:04"]
[BlackClock "0:00:00"]
[Board "178"]

1. e4 d5 2. exd5 Qxd5 3. Nc3 Qa5 4. Nf3 Nf6 5. d3 Bg4 6. h3 Bh5 7. Be2 Nc6 8. O-O O-O-O 9. Bd2 e5 10. a3 Qc5 11. b4 Qd6 12. b5 Bxf3 13. Bxf3 Nd4 14. Ne4 Nxe4 15. Bxe4 f5 16. Bf3 e4 17. Be2 Nxe2+ 18. Qxe2 exd3 19. Qf3 dxc2 20. Bg5 Rd7 21. Qxf5 Qg6 22. Rfe1 Bd6 23. Qg4 h5 24. Qa4 Qxg5 25. Qxa7 Rdd8 26. Qa8+ Kd7 27. Qxb7 Qc5 28. Qf3 Kc8 29. Qa8+ Kd7 30. Qf3 Rhf8 31. Qe4 Qxf2+ 32. Kh1 Qf5 33. Qc6+ Kc8 34. Qa8+ Kd7 35. Qc6+ Kc8 36. b6 Qc5 37. b7+ Kb8 38. Qa6 Qa7 39. Qc4 Rf7 40. Qxf7 Qxb7 41. Qc4 1-0


[Site "https://www.chess.com"]

[Event "Titled Tuesday Blitz July 25 Early 2023"]
[White "chessmateto"]
[Black "Lehtosaari, Mauri"]
[BlackFideId "501999"]
[WhiteElo "2338"]
[BlackElo "2473"]
[Result "0-1"]
[Round "6"]
[TimeControl "180+2"]
[Date "2023.07.25"]
[WhiteClock "0:00:06"]
[BlackClock "0:00:14"]
[Board "179"]

1. c4 c6 2. d4 d5 3. cxd5 cxd5 4. Nc3 Nf6 5. Bf4 Nc6 6. e3 a6 7. Nf3 Bg4 8. Be2 e6 9. O-O Bd6 10. Bxd6 Qxd6 11. Rc1 O-O 12. a3 b5 13. Nd2 Bxe2 14. Qxe2 Na5 15. Rfd1 Rac8 16. e4 dxe4 17. Ndxe4 Nxe4 18. Nxe4 Qd5 19. Qg4 f5 20. Nf6+ Kf7 21. Nxd5 fxg4 22. Ne3 h5 23. Kf1 Nb3 24. Rc3 Rxc3 25. bxc3 Rc8 26. d5 exd5 27. Nxd5 Na5 28. Rd3 Nc4 29. Nf4 Nxa3 30. Rd7+ Ke8 31. Rxg7 Rxc3 32. Nxh5 b4 33. Rxg4 a5 34. Nf6+ Kf7 35. Ne4 Rc2 36. h4 b3 37. Nd6+ Ke6 38. Rg6+ Kd5 39. Nf5 b2 40. Ne3+ Ke5 41. Rg5+ Kf6 42. Nxc2 Nxc2 43. Rb5 Nb4 44. Rxa5 b1=Q+ 45. Ke2 Qd3+ 46. Ke1 Nc2# 0-1


[Site "https://www.chess.com"]

[Event "Titled Tuesday Blitz July 25 Early 2023"]
[White "Tsyhanchuk, Stanislav"]
[Black "Erzhanov, Arman"]
[WhiteFideId "13505130"]
[BlackFideId "4138821"]
[WhiteElo "2317"]
[BlackElo "2468"]
[Result "0-1"]
[Round "6"]
[TimeControl "180+2"]
[Date "2023.07.25"]
[WhiteClock "0:00:03"]
[BlackClock "0:01:58"]
[Board "180"]

1. c4 d6 2. d4 e5 3. dxe5 dxe5 4. Qxd8+ Kxd8 5. Nc3 c6 6. Nf3 f6 7. a3 Be6 8. e4 Nd7 9. b4 a5 10. b5 Nc5 11. Be3 Kc7 12. O-O-O Nh6 13. h3 Nf7 14. Kb2 a4 15. Be2 Nb3 16. Nxa4 Rxa4 17. Kxb3 cxb5 18. Bc1 Nd6 19. Nd2 Nxc4 20. Nxc4 Bxc4+ 21. Bxc4 Rxc4 22. f3 Bd6 23. Be3 Ra8 24. Bc1 Bc5 25. Bb2 Rca4 26. Rc1 b6 27. Rhd1 Rd8 28. Rxd8 Kxd8 29. Rd1+ Kc7 30. Rd5 Rc4 31. Bc3 Kc6 32. Bb4 Rd4 33. Rxd4 Bxd4 34. Bf8 g6 35. Kc2 f5 36. exf5 gxf5 37. Bg7 Kd5 38. g4 f4 39. Kb3 Bc5 40. Bf6 e4 41. fxe4+ Kxe4 42. Bh4 f3 43. g5 f2 44. Bxf2 Bxf2 45. Kb4 Kf5 46. h4 Kg4 47. Kxb5 Kxh4 48. g6 hxg6 49. a4 g5 50. a5 bxa5 51. Kxa5 g4 0-1


[Site "https://www.chess.com"]

[Event "Titled Tuesday Blitz July 25 Early 2023"]
[White "EdmundPlayer"]
[Black "Luukkonen, Tommi"]
[BlackFideId "501808"]
[WhiteElo "2306"]
[BlackElo "2458"]
[Result "0-1"]
[Round "6"]
[TimeControl "180+2"]
[Date "2023.07.25"]
[WhiteClock "0:00:00"]
[BlackClock "0:01:42"]
[Board "181"]

1. e4 c5 2. Nf3 Nc6 3. Bb5 e6 4. Bxc6 bxc6 5. d3 Ne7 6. Qe2 Ng6 7. h4 h5 8. e5 d6 9. Bg5 f6 10. Qe4 Kf7 11. exf6 gxf6 12. Bd2 d5 13. Qe2 Rb8 14. b3 d4 15. Na3 e5 16. Nc4 Bg4 17. Qe4 Qc7 18. Ba5 Qe7 19. Qxc6 Rc8 20. Qe4 Kg7 21. Nh2 f5 22. Qd5 Nf4 23. Qxe5+ Qxe5+ 24. Nxe5 Re8 25. Bc7 Nd5 26. O-O Nxc7 27. Nc4 f4 0-1


[Site "https://www.chess.com"]

[Event "Titled Tuesday Blitz July 25 Early 2023"]
[White "Nayak Rajesh"]
[Black "Herman, Daniel"]
[WhiteFideId "35017152"]
[BlackFideId "30935008"]
[WhiteElo "2306"]
[BlackElo "2427"]
[Result "1-0"]
[Round "6"]
[TimeControl "180+2"]
[Date "2023.07.25"]
[WhiteClock "0:00:04"]
[BlackClock "0:00:00"]
[Board "182"]

1. e4 e6 2. d4 d5 3. Nd2 c5 4. exd5 exd5 5. Ngf3 Nc6 6. Bb5 Nf6 7. O-O Be7 8. dxc5 Bxc5 9. b4 Bxb4 10. Re1+ Be7 11. Ba3 Kf8 12. Qc1 Bxa3 13. Qxa3+ Kg8 14. c4 Be6 15. Rad1 Qa5 16. Qc1 Qxa2 17. Ng5 Bf5 18. cxd5 Nd4 19. Bc4 Qc2 20. d6 Bg6 21. Qxc2 Nxc2 22. Nb3 Nxe1 23. Rxe1 h6 24. Nf3 Kh7 25. Ne5 Rhe8 26. f4 Rad8 27. Rd1 Ne4 28. d7 Re7 29. Rd4 Nf6 30. Nc5 b6 31. Nb7 Rdxd7 32. Nxd7 Rxd7 33. Nd6 Ne4 34. f5 Nxd6 35. fxg6+ fxg6 36. Bd3 Rd8 37. Rg4 Nf5 38. Be4 Rd1+ 39. Kf2 Rf1+ 40. Ke2 Ra1 41. h4 Ra2+ 42. Kd3 h5 43. Rg5 Nxh4 44. Rxh5+ Kg8 45. Rxh4 g5 46. Rg4 Ra3+ 47. Kd4 Ra5 48. Bd5+ Kf8 49. Rxg5 Ke7 50. Rf5 Kd6 51. Rg5 Ra4+ 52. Bc4 a5 53. Rg6+ Kc7 54. Rxg7+ Kd6 55. Rg6+ Kc7 56. Rg5 Rb4 57. Rb5 Ra4 58. g4 Ra1 59. g5 Rg1 60. Bd3 a4 61. g6 a3 62. Rb3 a2 63. Rc3+ Kd6 64. g7 Rxg7 65. Ra3 Rg2 66. Bc4 1-0


[Site "https://www.chess.com"]

[Event "Titled Tuesday Blitz July 25 Early 2023"]
[White "Spaqi, Wilson"]
[Black "UgarteCesar"]
[WhiteFideId "2053888"]
[WhiteElo "2420"]
[BlackElo "2295"]
[Result "1-0"]
[Round "6"]
[TimeControl "180+2"]
[Date "2023.07.25"]
[WhiteClock "0:00:43"]
[BlackClock "0:00:55"]
[Board "183"]

1. d4 d5 2. Bg5 Nd7 3. e3 c6 4. c3 Qb6 5. Qb3 Ngf6 6. Nd2 h6 7. Bf4 e6 8. Ngf3 Be7 9. Bd3 c5 10. Be2 c4 11. Qc2 Qd8 12. O-O b5 13. b4 Bb7 14. a4 a6 15. Ne5 O-O 16. Bf3 Nxe5 17. Bxe5 Bd6 18. Bg3 Re8 19. e4 Bxg3 20. hxg3 e5 21. dxe5 Rxe5 22. exd5 Bxd5 23. Bxd5 Rxd5 24. Nf3 Rd3 25. Rfe1 Nd5 26. Ne5 Rxc3 27. Qd2 f6 28. Nc6 Qd6 29. Qxd5+ Qxd5 30. Ne7+ Kf7 31. Nxd5 Rb3 32. axb5 Rd8 33. bxa6 1-0


[Site "https://www.chess.com"]

[Event "Titled Tuesday Blitz July 25 Early 2023"]
[White "Bueno, Alfeu Junior Varela"]
[Black "Atanasov, Radislav"]
[WhiteFideId "2108879"]
[BlackFideId "2901471"]
[WhiteElo "2404"]
[BlackElo "2254"]
[Result "1-0"]
[Round "6"]
[TimeControl "180+2"]
[Date "2023.07.25"]
[WhiteClock "0:00:10"]
[BlackClock "0:00:00"]
[Board "184"]

1. e4 e5 2. Nc3 Nf6 3. f4 d5 4. fxe5 Nxe4 5. Qf3 f5 6. d3 Nxc3 7. bxc3 c5 8. Qg3 Nc6 9. Be2 Qa5 10. Bd2 Be6 11. Nf3 O-O-O 12. O-O h6 13. Nh4 Ne7 14. Ng6 Rg8 15. Bh5 d4 16. Nxe7+ Bxe7 17. Bg6 dxc3 18. Be3 Rgf8 19. Qh3 Bg5 20. Bxg5 hxg5 21. Bxf5 Bxf5 22. Rxf5 Kb8 23. Rxg5 Qb6 24. Kh1 1-0


[Site "https://www.chess.com"]

[Event "Titled Tuesday Blitz July 25 Early 2023"]
[White "Kohler, Aran"]
[Black "Bristy Mukherjee"]
[WhiteFideId "1002856"]
[BlackFideId "25077325"]
[WhiteElo "2252"]
[BlackElo "2404"]
[Result "0-1"]
[Round "6"]
[TimeControl "180+2"]
[Date "2023.07.25"]
[WhiteClock "0:00:11"]
[BlackClock "0:00:51"]
[Board "185"]

1. d4 h5 2. e4 d5 3. e5 c5 4. dxc5 Nc6 5. Nc3 d4 6. Ne4 Nxe5 7. Bf4 Nc6 8. Nf3 Bf5 9. Bd3 Bxe4 10. Bxe4 Qa5+ 11. Qd2 Qxc5 12. O-O O-O-O 13. a3 Nf6 14. Bd3 e5 15. Bf5+ Kb8 16. Bg5 Bd6 17. Rfe1 Ne7 18. Bxf6 gxf6 19. Bh3 Qc7 20. b4 Nd5 21. Bf5 Rhg8 22. g3 Nf4 23. Kh1 Ne6 24. Be4 Ng7 25. Qd3 f5 26. Bxf5 Nxf5 27. Qxf5 Qc6 28. Qe4 f6 29. Qxc6 bxc6 30. Nd2 f5 31. Nc4 e4 32. Nxd6 Rxd6 33. Rad1 Rgd8 34. f3 e3 35. Rd3 Kc7 36. Kg2 Kb6 37. f4 Kb5 38. Kf3 c5 39. bxc5 Kxc5 40. Rb3 Rb6 41. Rc1 Rdb8 42. Rd3 Rb1 43. Rdd1 Rxc1 44. Rxc1 Kc4 45. Ke2 Rb2 46. Kd1 Kc3 47. a4 Ra2 48. Ke2 Rxc2+ 49. Kf3 Rxc1 50. h3 Rc2 51. a5 Rf2# 0-1


[Site "https://www.chess.com"]

[Event "Titled Tuesday Blitz July 25 Early 2023"]
[White "Xavier_mompel"]
[Black "Donskov, Anatoly"]
[BlackFideId "24143413"]
[WhiteElo "2260"]
[BlackElo "2400"]
[Result "1-0"]
[Round "6"]
[TimeControl "180+2"]
[Date "2023.07.25"]
[WhiteClock "0:00:19"]
[BlackClock "0:00:00"]
[Board "186"]

1. e4 c5 2. Nf3 e6 3. d4 cxd4 4. Nxd4 Nf6 5. Nc3 Nc6 6. Ndb5 Bc5 7. Bf4 O-O 8. Bc7 Qe7 9. Bd6 Bxd6 10. Qxd6 Qd8 11. Qc7 Qe7 12. Qd6 Qd8 13. Qc7 Qxc7 14. Nxc7 Rb8 15. N7b5 a6 16. Nd6 b5 17. a3 Ne8 18. O-O-O Nxd6 19. Rxd6 f5 20. f3 fxe4 21. Nxe4 Ne7 22. Ng3 Nd5 23. Bd3 Rb6 24. Rxb6 Nxb6 25. Ne4 Rd8 26. Nd6 h6 27. Be4 Kf8 28. Rd1 Ke7 29. b3 g5 30. h3 Nd5 31. Nf5+ Kf6 32. Nxh6 1-0


[Site "https://www.chess.com"]